 Dungeon Crawl Stone Soup version 0.25-a0-413-g3b4b6a4ccc (webtiles) character file.

Game seed: 12683875950114416783, levelgen mode: deterministic

618 DerDa the Skirmisher (level 7, -4/63 HPs)
             Began as a Minotaur Berserker on Jan 14, 2020.
             Was a Priest of Trog.
             Killed from afar by Dowan (14 damage)
             ... with a stone arrow
             ... on level 4 of the Dungeon.
             The game lasted 00:07:16 (2743 turns).

DerDa the Skirmisher (Minotaur Berserker)           Turns: 2743, Time: 00:07:17

Health: -4/63      AC: 10    Str: 23    XL:     7   Next: 21%
Magic:  7/7        EV: 13    Int:  4    God:    Trog [***...]
Gold:   136        SH:  0    Dex: 10    Spells: 6/6 levels left

rFire    . . .     SeeInvis .   a - +1 falchion (protect)
rCold    . . .     Gourm    .   (no shield)
rNeg     . . .     Faith    .   g - +0 ring mail
rPois    .         Spirit   .   (helmet restricted)
rElec    .         Reflect  .   y - +2 cloak
rCorr    .         Harm     .   q - +0 pair of gloves
MR       .....                  (no boots)
Stlth    ..........             (no amulet)
HPRegen  0.20/turn              (no ring)
MPRegen  0.10/turn              (no ring)

@: berserk cooldown, slowed, very slow
A: retaliatory headbutt, horns 2
a: Berserk, Trog's Hand, Renounce Religion


You were on level 4 of the Dungeon.
You worshipped Trog.
Trog was most pleased with you.
You were hungry.

You visited 1 branch of the dungeon, and saw 4 of its levels.

You collected 136 gold pieces.

Inventory:

Hand Weapons
 a - a +1 falchion of protection (weapon)
 v - a +0 hunting sling
Missiles
 e - 84 stones
 h - 5 boomerangs (quivered)
 n - 20 sling bullets
 t - 12 poisoned darts
 w - 24 bolts
Armour
 g - a +0 ring mail (worn)
 q - a +0 pair of gloves (worn)
 y - a +2 cloak (worn)
Wands
 s - a wand of acid (20)
Scrolls
 b - a scroll of amnesia {unknown}
 d - a scroll of teleportation {unknown}
 f - 2 scrolls of remove curse {unknown}
 k - 4 scrolls of identify {unknown}
 o - 2 scrolls of enchant armour {unknown}
 p - a scroll of immolation {unknown}
 r - a scroll of blinking {unknown}
 u - a scroll of magic mapping {unknown}
Potions
 i - a potion of haste {unknown}
 j - 3 potions of agility {unknown}
 l - 2 potions of berserk rage {unknown}
 m - a potion of invisibility {unknown}
 x - a potion of brilliance {unknown}
 z - a potion of mutation {unknown}
Comestibles
 c - 8 rations
 A - 2 chunks of flesh


   Skills:
 * Level 6.2 Fighting
 + Level 5.1 Long Blades
 + Level 4.4 Armour
 * Level 5.0 Dodging
 + Level 1.9 Evocations


You had 6 spell levels left.
You didn't know any spells.
Your spell library was empty.

Dungeon Overview and Level Annotations

Branches:
Dungeon (4/15)
 Temple: D:4-7

Altars:
Fedhas
Makhleb
Zin

Annotations:
D:4 Dowan


Innate Abilities, Weirdness & Mutations

You reflexively headbutt those who attack you in melee.
You have a pair of horns on your head.


Message History

You feel sick.
You are no longer poisoned.
Dowan hits you but does no damage. Dowan gestures at you while chanting.
The stone arrow misses you.
That item cannot be evoked!
That item cannot be evoked!
Aiming: Corrosive Bolt
Press: ? - help, Shift-Dir - straight line, f - Dowan
Aim: Dowan, wielding a +0 dagger and wearing a +0 robe (lightly wounded, fast)
The bolt of acid hits Dowan!
Dowan is splashed with acid.
The acid corrodes Dowan!
Dowan is almost dead.
Dowan hits you but does no damage. Dowan gestures at you while chanting.
The stone arrow hits you!
* * * LOW HITPOINT WARNING * * *
Dowan casts a spell at you. The stone arrow hits you!
You die...

##....##.#..####
#.....#.#......
##..###.#..... #..#
#†#..... #..###.#.#..#
###.#......#.##.##
........####.##..####..
###.#.#.####...........
#.#....@e...##..###.. .
###.#####.# #.# ## #.#
#)# ..s #.. #.# ... #.#
#.# .#e.. #.# #.# ....
... #.# ...# .. .e. #.#


You could see Dowan.

Vanquished Creatures
  Duvessa (D:4)
  A scorpion (D:4)
  5 orc wizards (D:3)
  Crazy Yiuf (D:3)
  A hound (D:4)
  Ijyb (D:3)
  Terence (D:3)
  A worker ant (D:4)
  A hound skeleton (D:4)
  5 gnolls
  5 adders
  3 worms
  2 dart slugs
  9 orcs
  2 giant cockroaches
  7 goblins
  9 hobgoblins
  2 jackals (D:2)
  A quokka (D:4)
  6 bats
  6 frilled lizards
  12 kobolds
  7 rats
89 creatures vanquished.

Vanquished Creatures (others)
  A fungus (D:3)
1 creature vanquished.

Grand Total: 90 creatures vanquished

Notes
Turn   | Place    | Note
-------+----------+-------------------------------------------
     0 | D:1      | DerDa the Minotaur Berserker began the quest for the Orb.
     0 | D:1      | Reached XP level 1. HP: 19/19 MP: 0/0
   149 | D:1      | Reached skill level 4 in Fighting
   149 | D:1      | Reached XP level 2. HP: 18/27 MP: 1/1
   485 | D:1      | Reached XP level 3. HP: 33/33 MP: 2/2
   691 | D:2      | Reached ** piety under Trog
   858 | D:2      | Found a glowing silver altar of Zin.
  1334 | D:3      | Reached XP level 4. HP: 41/41 MP: 3/3
  1386 | D:3      | Found a burning altar of Makhleb.
  1415 | D:3      | Noticed Terence
  1424 | D:3      | Killed Terence
  1424 | D:3      | Reached XP level 5. HP: 27/47 MP: 4/4
  1506 | D:3      | Reached *** piety under Trog
  1506 | D:3      | Reached skill level 5 in Fighting
  1523 | D:3      | Reached skill level 1 in Evocations
  1548 | D:3      | Noticed Ijyb
  1552 | D:3      | HP: 2/72 [acid (13)]
  1555 | D:3      | Killed Ijyb
  1883 | D:3      | Reached XP level 6. HP: 35/56 MP: 5/5
  2038 | D:3      | Found a runed translucent door.
  2041 | D:3      | Noticed Crazy Yiuf
  2061 | D:3      | Killed Crazy Yiuf
  2359 | D:3      | Found a blossoming altar of Fedhas.
  2673 | D:4      | Reached skill level 6 in Fighting
  2697 | D:4      | Reached skill level 5 in Long Blades
  2712 | D:4      | Noticed Duvessa
  2713 | D:4      | Noticed Dowan
  2731 | D:4      | Killed Duvessa
  2731 | D:4      | Reached skill level 5 in Dodging
  2731 | D:4      | Reached XP level 7. HP: 30/63 MP: 7/7
  2743 | D:4      | Killed from afar by Dowan

Levels and vault maps discovered:
D:1:      nicolae_arrival_memento_mori, layout_loops_cross
D:2:      layout_rooms, zin_statuary, first_ration
D:3:      layout_rooms, lemuel_coloured_pillars_altar, fedhas_altar_3,
          uniq_crazy_yiuf_cottage, uniq_terence, uniq_ijyb
D:4:      layout_basic, uniq_duvessa

Skill      XL: |  1  2  3  4  5  6 |
---------------+-------------------+-----
Fighting       | 4 5 6 |  6.2
Long Blades    | 4 5 |  5.1
Dodging        | 3 4 5 |  5.0
Armour         | 3 4 |  4.4
Evocations     | 1 |  1.9

Action                   |  1- 3 |  4- 6 |  7- 9 || total
-------------------------+-------+-------+-------++-------
Melee: Falchion          |    84 |   123 |     3 ||   210
       Headbutt          |    17 |    21 |     1 ||    39
Invok: Berserk           |     1 |     3 |       ||     4
Evoke: Wand              |       |       |     1 ||     1
  Eat: Chunk             |     2 |     7 |       ||     9
Armor: Ring mail         |    27 |    54 |     3 ||    84
       Animal skin       |     1 |       |       ||     1
Dodge: Dodged            |    58 |    64 |     3 ||   125
       Rpst.: Falchion   |    13 |    17 |     1 ||    31

Table legend:
 A = Non-vault XP
 B = Vault XP
 C = Vault XP percentage of total XP
 D = Non-vault monster count
 E = Vault monster count
 F = Vault count percentage of total count
                 A         B        C        D         E       F
            +---------+---------+-------+---------+---------+-------
      Total |     622 |     261 |  29.6 |      85 |       4 |   4.5
            +---------+---------+-------+---------+---------+-------
        D:1 |      48 |       0 |   0.0 |      22 |       0 |   0.0
        D:2 |      47 |       0 |   0.0 |      19 |       0 |   0.0
        D:3 |     320 |     112 |  25.9 |      33 |       3 |   8.3
        D:4 |     207 |     149 |  41.9 |      11 |       1 |   8.3
            +---------+---------+-------+---------+---------+-------
